 Dungeon Crawl Stone Soup version 0.29-a0-187-ga23d9638d5 (webtiles) character file.

Game seed: 4960569739913726500

70 Zeldest the Caller (level 4, -1/23 HPs)
             Began as a Vine Stalker Summoner on Feb 21, 2022.
             Slain by Robin (2 damage)
             ... on level 3 of the Dungeon.
             The game lasted 00:06:53 (1164 turns).

Zeldest the Caller (Vine Stalker Summoner)          Turns: 1164, Time: 00:06:54

Health: -1/23      AC:  5    Str: 11    XL:     4   Next: 22%
Magic:  0/8        EV: 11    Int: 17    God:
Gold:   103        SH:  0    Dex: 14    Spells: 1/7 levels left

rFire   . . .      SeeInvis .   c - +0 spear
rCold   . . .      Faith    .   (no shield)
rNeg    . . .      Spirit   +   b - +2 leather armour {rPois}
rPois   +          Reflect  .   (no helmet)
rElec   .          Harm     .   (no cloak)
rCorr   .          Rampage  .   (no gloves)
Will    .....                   (no boots)
Stlth   ++........              (no amulet)
HPRegen 0.87/turn               (no ring)
MPRegen 0.11/turn               (no ring)

@: no status effects
A: fangs 2, regeneration 1, magic shield, antimagic bite, no potion heal 2
a: no special abilities


You were on level 3 of the Dungeon.
You visited 1 branch of the dungeon, and saw 3 of its levels.

You collected 103 gold pieces.

Inventory:

Hand Weapons
 c - a +0 spear (weapon)
Armour
 a - a +0 robe
 b - a +2 leather armour of poison resistance (worn)
Scrolls
 f - a scroll of silence {unknown}
 i - a scroll of magic mapping {unknown}
 j - a scroll of identify {unknown}
 k - a scroll of amnesia {unknown}
 l - a scroll of teleportation {unknown}
Potions
 d - a potion of heal wounds {unknown}
 e - a potion of brilliance {unknown}
 g - a potion of lignification {unknown}
 h - 2 potions of haste {unknown}


   Skills:
 + Level 1.7 Fighting
 + Level 1.7 Polearms
 - Level 1.5 Dodging
 - Level 2.4 Stealth
 - Level 2.1 Spellcasting
 + Level 4.6 Summonings


You had one spell level left.
You knew the following spells:

 Your Spells              Type           Power      Damage    Failure   Level
a - Call Imp              Summ           17%        N/A       6%          2
b - Summon Small Mammal   Summ           68%        N/A       3%          1
c - Call Canine Familiar  Summ           17%        N/A       12%         3

Your spell library contained the following spells:

 Spells                   Type           Power      Damage    Failure   Level
 Summon Guardian Golem    Hex/Summ       9%         N/A       28%         3
 Summon Lightning Spire   Summ/Air       9%         N/A       67%         4


Dungeon Overview and Level Annotations

Branches:
Dungeon (3/15)

Altars:
Yredelemnul

Shops:
D:1 *

Annotations:
D:2 Sigmund
D:3 Robin


Innate Abilities, Weirdness & Mutations

You have extremely sharp teeth.
Your natural rate of healing is unusually fast.
When hurt, damage is shared between your health and your magic reserves.
Your bite disrupts and absorbs the magic of your enemies.
Potions cannot restore your health.


Message History

Casting: Call Imp (safe; 6% risk of failure)
Confirm with . or Enter, or press ? or * to list all spells.
A beastly little devil appears in a puff of frigid air.
Robin hits you from afar with a +4 spear of freezing.
Robin freezes you. The hobgoblin barely misses you.
What are your orders? t - Shout!
Orders for allies: a - Attack new target. r - Retreat! s - Stop attacking. g - Guard the area. f - Follow me.
Anything else - Cancel.
Gang up on whom?
Press: ? - help, Dir - move target, f - Robin
Aim: Robin, wielding a +4 spear of freezing, wearing a +0 animal skin and wearing a +0 helmet (ally target) Attack!
Robin closely misses you. The hobgoblin barely misses you.
Your white imp closely misses Robin.
You hit the hobgoblin.
You kill the hobgoblin!
Robin hits you from afar with a +4 spear of freezing.
Robin freezes you.
Your white imp hits Robin.
Your white imp freezes Robin.
You aren't carrying any items that you can evoke.
Reach: c) +0 spear
Press: ? - help, Dir - move target, f/p - Robin
Aim: Robin, wielding a +4 spear of freezing, wearing a +0 animal skin and wearing a +0 helmet (heavily wounded, ally target, about 32% to evade your +0 spear)
You reach to attack!
You hit Robin but do no damage.
Robin is heavily wounded.
Robin says, "My goblins will feast on your bones."
Robin hits you from afar with a +4 spear of freezing.
Robin freezes you.
Your white imp barely misses Robin.
Reach: c) +0 spear
Press: ? - help, Dir - move target, f/p - Robin
Aim: Robin, wielding a +4 spear of freezing, wearing a +0 animal skin and wearing a +0 helmet (heavily wounded, ally target, about 32% to evade your +0 spear)
You reach to attack!
You barely miss Robin.
Robin is heavily wounded.
Robin hits you from afar with a +4 spear of freezing.
Robin freezes you.
Your white imp hits Robin.
Your white imp freezes Robin.
Robin hits you from afar with a +4 spear of freezing!
* * * LOW HITPOINT WARNING * * *
Robin freezes you.
You die...

#)......##.#
#######.##.#.###.###
...g)....g.......... .
....###....#.###.###...
....#....g...†.........
....#.#....#..)..###.
g####.#.##..†.)g5# .
....##...g.#)#
##.#####.##.#@# #..
....#.### ## ######.#
#.# #.# #.#


You could see Robin (ally target) and a friendly white imp (summoned).

Vanquished Creatures
  A worm (D:2)
  A dart slug (D:1)
  3 ball pythons
  2 bats
  2 endoplasms
  6 goblins
  5 hobgoblins
  5 jackals
  3 kobolds
  5 rats
33 creatures vanquished.

Vanquished Creatures (collateral kills)
  2 worms (D:2)
  An orc (D:3)
  2 endoplasms
  6 goblins
  A hobgoblin (D:2)
  A jackal (D:2)
  A kobold (D:1)
  A quokka (D:1)
  2 ball pythons
  A rat (D:1)
18 creatures vanquished.

Vanquished Creatures (others)
  A plant (D:2)
1 creature vanquished.

Grand Total: 52 creatures vanquished

Notes
Turn   | Place    | Note
-------+----------+-------------------------------------------
     0 | D:1      | Zeldest the Vine Stalker Summoner began the quest for the
                  | Orb.
     0 | D:1      | Reached XP level 1. HP: 9/9 MP: 4/4
   107 | D:1      | Reached XP level 2. HP: 6/14 MP: 1/6
   155 | D:1      | Learned a level 2 spell: Call Imp
   216 | D:1      | Found Meseaq's Assorted Antiques.
   293 | D:1      | Reached skill level 1 in Polearms
   312 | D:1      | Reached skill level 1 in Fighting
   334 | D:1      | Found a faded altar of an unknown god.
   500 | D:2      | Reached XP level 3. HP: 12/18 MP: 2/7
   516 | D:2      | Noticed Sigmund
   537 | D:2      | Found a basalt altar of Yredelemnul.
   613 | D:2      | Learned a level 3 spell: Call Canine Familiar
  1057 | D:3      | Gained mutation: Your natural rate of healing is unusually
                  | fast. [Vine Stalker growth]
  1057 | D:3      | Reached XP level 4. HP: 10/22 MP: 4/8
  1095 | D:3      | Noticed Robin
  1164 | D:3      | HP: 1/23 [Robin (6)]
  1164 | D:3      | Slain by Robin

Illustrated notes

Levels and vault maps discovered:
D:1:      roderic_crossed_star, layout_rooms, serial_shops,
          nicolae_shop_waterfront, dreamdust_ecumenical_altar_grove,
          serial_co_window_serial, co_window_corner_a, co_window_corner_a,
          co_window_paths_a, co_window_corner_a, co_window_of_opportunity_a,
          co_window_broadway_b, co_window_2corner, co_window_broadway_a,
          co_window_broadway_a, co_window_cross_2, co_window_corner_b,
          dk_noncrumbling_4, chequers_serial_rivers_small_3
D:2:      layout_loops_ring, basic_altar, serial_forest,
          infiniplex_forest_split, infiniplex_forest_diagonal,
          infiniplex_forest_lined_ring, infiniplex_forest_straight_2,
          infiniplex_forest_end_2, infiniplex_forest_clump_tiny,
          infiniplex_forest_straight_3, uniq_sigmund
D:3:      layout_basic, serial_bayou_pond_d, uniq_robin

Skill      XL: |  1  2 |
---------------+-------+-----
Polearms       | 1 |  1.7
Fighting       | 1 |  1.7
Dodging        | |  1.5
Stealth        | |  2.4
Spellcasting   | |  2.1
Summonings     | |  4.6

Action                   |  1- 3 |  4- 6 || total
-------------------------+-------+-------++-------
Melee: Spear             |   134 |    23 ||   157
       Bite              |    26 |     4 ||    30
 Cast: Summon Small Mamm |     4 |       ||     4
       Call Imp          |    12 |     4 ||    16
       Call Canine Famil |     1 |       ||     1
 Stab: Sleeping          |     5 |       ||     5
Armor: Leather armour    |    31 |     6 ||    37
Dodge: Dodged            |    56 |    12 ||    68

Table legend: (Time is in decaauts)
 A = Elapsed time spent in this place.
 B = Non-inter-level travel time spent in this place.
 C = Inter-level travel time spent in this place.
 D = Time resting spent in this place.
 E = Time spent auto-exploring this place.
 F = Levels seen in this place.
 G = Mean time per level.
                   A        B        C        D        E       F      G
               +--------+--------+--------+--------+--------+-----+--------+
         Total |   1176 |   1097 |     79 |     33 |     12 |   3 |  392.0 |
       Dungeon |   1176 |   1097 |     79 |     33 |     12 |   3 |  392.0 |
               +--------+--------+--------+--------+--------+-----+--------+

Top non-repeatable levels by time:
     D:1: 560 daAuts
     D:2: 516 daAuts
     D:3: 100 daAuts
